cohdb
Replays
Latest Replays
All Replays
Popular Replays
Top Player Replays
Match Explorer
How It Works
Community
CoH3 Stats
Reddit
Sign in to upload your games and track your stats! →
Sign in with Steam
Match 43857340
Unlisted
Match 43857340
Overview
Messages
Build Orders
End
Kettenkrad Recon Vehicle
Construct Infanterie Kompanie
MG 42 Machine Gun Team
Grenadier Squad
Grenadier Squad
Construct Panzergrenadier Kompanie
Selects Breakthrough Battlegroup
251 Medium Carrier
Selects Rapid Production
Pak 40 Anti-tank Gun Team
Zerg6412
std::shared_ptr<std::string>();
simranjitsingh713
SASU
崔小海
linebettle
0
0
Comments
sign in to comment!
No comments posted yet!